 Dungeon Crawl Stone Soup version 0.31.0-1-g2c135a008e (webtiles) character file.

Game seed: 59692145988986151

1592 qw the Skirmisher (level 9, -1/65 HPs)
             Began as a Djinni Hunter on Jan 23, 2024.
             Slain by a steam dragon (3 damage)
             ... on level 6 of the Dungeon.
             The game lasted 00:00:27 (4866 turns).

qw the Skirmisher (Djinni Hunter)                   Turns: 4866, Time: 00:00:28

Health: -1/65      AC: 16    Str: 12    XL:     9   Next: 15%
Gold:   780        EV: 17    Int: 15    God:
                   SH:  0    Dex: 18

rFire   + + .        a - +0 shortbow
rCold   x . .        (shield currently unavailable)
rNeg    . . .        b - +3 ring mail of the Terrible God {Str+3}
rPois   inf          (no helmet)
rElec   .            (no cloak)
rCorr   .            n - +1 pair of gloves
SInv    .            (boots unavailable)
Will    .....        (no amulet)
Stlth   +            l - +5 ring of evasion
HPRegen 0.30/turn    f - +4 ring of protection
MPRegen 0.00/turn

%: infuse magic (-2 HP)
@: flying
A: sickness immunity, fire resistance 2, cold vulnerability 1, float, innate
caster, HP casting, extra vitality 1, iridescent scales 1, clever 1, clumsy 1,
screaming 1
a: no special abilities


You were on level 6 of the Dungeon.
You visited 1 branch of the dungeon, and saw 6 of its levels.

You collected 807 gold pieces.
You spent 27 gold pieces at shops.


Innate Abilities, Weirdness & Mutations

You are immune to sickness and miasma.
You are immune to poison.
Your flesh is very heat resistant. (rF++)
You are vulnerable to cold. (rC-)
You float through the air rather than walking.
You learn spells naturally, not from books.
Your magical power is your life essence.
You have superior vitality. (+4 MHP)
You are partially covered in iridescent scales. (AC +2)
Your mind is acute. (Int +4, Str/Dex -1)
You are clumsy. (Dex -2)
You occasionally shout uncontrollably at your foes.


   Skills:
 + Level 5.6 Fighting
 - Level 8.0 Ranged Weapons
 - Level 2.2 Armour
 - Level 4.0 Dodging
 - Level 0.7 Stealth


You knew the following spells:

 Your Spells              Type           Power      Damage    Failure   Level
a - Sandblast             Erth           0%         2d4       52%         1
b - Momentum Strike       Conj/Tloc      0%         3d8       65%         2
c - Mercury Vapours       Alch/Air       0%         N/A       65%         2
d - Dispel Undead         Necr           0%         3d6       99%         4
Your spell library was empty.

Inventory:

Hand Weapons
 a - a +0 shortbow (weapon)
Armour
 b - the +3 ring mail of the Terrible God (worn) {Str+3}
   (You found it on level 3 of the Dungeon)

   Str+3:     It affects your strength (+3).
 n - a +1 pair of gloves (worn)
Jewellery
 f - a +4 ring of protection (right hand)
 l - a +5 ring of evasion (left hand)
Wands
 k - a wand of charming (12)
 m - a wand of mindburst (4)
Potions
 d - a potion of curing
 e - a potion of haste
 g - a potion of might {unknown}
 j - a potion of cancellation
 q - a potion of enlightenment {unknown}

Dungeon Overview and Level Annotations

Branches:
Dungeon (6/15)
 Temple: D:4-7

Altars:
Elyvilon
Fedhas
Hepliaklqana
Makhleb
Qazlal

Shops:
D:1 (   D:2 *

Annotations:
D:4 2 transporters, qw's ghost, amateur GrHu


Message History

The steam dragon bites you but does no damage.
The steam dragon claws you.
You shoot an arrow.
The arrow hits the steam dragon but does no damage.
The steam dragon bites you but does no damage.
The steam dragon barely misses you.
You shoot an arrow. The arrow hits the steam dragon.
The steam dragon is lightly wounded.
The steam dragon barely misses you. The steam dragon misses you.
You shoot an arrow.
The arrow hits the steam dragon but does no damage.
The steam dragon is lightly wounded.
The steam dragon bites you. The steam dragon misses you.
You shoot an arrow.
The arrow hits the steam dragon but does no damage.
The steam dragon is lightly wounded.
The steam dragon misses you. x2
You shoot an arrow.
The arrow hits the steam dragon but does no damage.
The steam dragon is lightly wounded.
The steam dragon breathes steam at you. The ball of steam hits you. You resist.
You hear a bellow!
You shoot an arrow. The arrow hits the steam dragon!
The steam dragon is heavily wounded.
The steam dragon misses you.
The steam dragon claws you but does no damage.
You shoot an arrow. The arrow hits the steam dragon.
The steam dragon is heavily wounded.
The steam dragon closely misses you.
The steam dragon claws you but does no damage.
The steam dragon misses you. The steam dragon closely misses you.
You shoot an arrow.
The arrow barely misses the steam dragon.
The steam dragon misses you.
The steam dragon claws you but does no damage.
You shoot an arrow.
The arrow barely misses the steam dragon.
The steam dragon closely misses you. The steam dragon claws you.
You die...

#..................##..
#####............#.###
.# .........#######...#
# .####.##.# #.##... .#
#.##.# #.# .##
.####.##.# #.# .#
...##.##.# #.#
.#.#..##.# #.#
.#.#.###.# #@# .#.#.#
#.# #...D..# .#.#.# #.#
#.#.####
.#.#.###.#####.#.#
.#.#.............#
.......).........#
####.......(......
##.##..####..##
###.##..####..#


You could see a steam dragon.

Vanquished Creatures
  A yak (D:6)
  Menkaure (D:4)
  2 ice beasts (D:5)
  A phantom (D:5)
  A kobold brigand (D:5)
  3 necrophages (D:5)
  A wyvern zombie (D:5)
  3 scorpions
  A water moccasin zombie (D:5)
  A bombardier beetle (D:5)
  2 bullfrog zombies (D:5)
  A jelly (D:4)
  3 hounds
  An orc priest (D:5)
  2 iguanas
  An orc wizard (D:5)
  6 adders
  A gnoll (D:6)
  A shadow imp (D:5)
  2 ufetubi (D:5)
  7 dart slugs
  4 ribbon worms
  8 orcs
  8 ball pythons
  5 endoplasms
  2 giant cockroaches (D:1)
  7 goblins
  7 hobgoblins
  15 jackals
  2 quokkas (D:1)
  6 bats
  4 frilled lizards
  14 kobolds
  5 rats
129 creatures vanquished.

Notes
Turn   | Place    | Note
-------+----------+-------------------------------------------
     0 | D:1      | qw the Djinni Hunter began the quest for the Orb.
     0 | D:1      | Reached XP level 1. HP: 18/18 MP: 0/0
     0 | D:1      | 0 ||| qw: Version: 0.3-a-132-g3d54051
     0 | D:1      | 0 ||| qw: Game counter: 597
     0 | D:1      | 0 ||| qw: Melee chars always use a shield: true
     0 | D:1      | 0 ||| qw: God list: Okawaru
     0 | D:1      | 0 ||| qw: Allow faded altars: false
     0 | D:1      | 0 ||| qw: Do Orc after clearing Dungeon:15 true
     0 | D:1      | 0 ||| qw: Do second Lair branch before Depths: true
     0 | D:1      | 0 ||| qw: Lair rune preference: random
     0 | D:1      | 0 ||| qw: Goals: Normal
     0 | D:1      | 0 ||| PLANNING D:1-11
   152 | D:1      | Reached XP level 2. HP: 23/23 MP: 0/0
   294 | D:1      | Reached XP level 3. HP: 26/28 MP: 0/0
   294 | D:1      | Learned a level 1 spell: Sandblast
   324 | D:1      | Reached skill level 4 in Ranged Weapons
   566 | D:1      | Found Vaar's Weapon Emporium.
   570 | D:1      | 570 ||| SHOPLISTING +1 arbalest of freezing (166 gold, have
                  | 54).
   570 | D:1      | 570 ||| SHOPLISTING +6 orcbow of flaming (421 gold, have
                  | 54).
   761 | D:1      | 761 ||| UPGRADING to +4 ring of protection.
   762 | D:1      | 762 ||| UPGRADING to ring of protection from cold.
   763 | D:1      | 763 ||| READING 2 scrolls labelled DEOKHAQ KAWK.
   763 | D:1      | 763 ||| IDENTIFYING brown potion
   764 | D:1      | 764 ||| READING scroll of identify.
   764 | D:1      | 764 ||| IDENTIFYING fuming silvery potion
   765 | D:1      | 765 ||| READING scroll labelled FAONEXZAUQU.
   766 | D:1      | 766 ||| READING scroll labelled YSONTUTASOR.
   766 | D:1      | 766 ||| ENCHANTING +0 shortbow.
   767 | D:1      | 767 ||| DRINKING 3 golden potions.
   775 | D:1      | 775 ||| DROPPING scroll of butterflies.
   776 | D:1      | 776 ||| DROPPING 2 potions of ambrosia.
   806 | D:2      | 806 ||| STAIRDANCE
   809 | D:1      | Reached XP level 4. HP: 34/34 MP: 0/0
   811 | D:2      | 811 ||| STAIRDANCE
   859 | D:2      | 859 ||| STAIRDANCE
   864 | D:1      | Reached skill level 3 in Fighting
   869 | D:2      | 869 ||| STAIRDANCE
   889 | D:2      | 889 ||| STAIRDANCE
   903 | D:2      | 903 ||| STAIRDANCE
   925 | D:2      | Found Veroecat's Assorted Antiques.
   939 | D:2      | 939 ||| SHOPLISTING ring mail (108 gold, have 74).
   939 | D:2      | 939 ||| BUYING scroll labelled YZXUBOHOSK (27 gold).
   939 | D:2      | Bought a scroll labelled YZXUBOHOSK for 27 gold pieces
  1042 | D:2      | Reached skill level 3 in Dodging
  1232 | D:2      | Reached XP level 5. HP: 31/40 MP: 0/0
  1232 | D:2      | Learned a level 2 spell: Momentum Strike
  1232 | D:2      | 1232 ||| FLEEEEING.
  1392 | D:2      | 1392 ||| UPGRADING to +5 ring of evasion.
  1394 | D:2      | 1394 ||| UPGRADING to +4 ring of protection.
  1396 | D:2      | 1396 ||| DRINKING potion of mutation.
  1396 | D:2      | Gained mutation: You occasionally shout uncontrollably at
                  | your foes. [potion of mutation]
  1396 | D:2      | Gained mutation: You are partially covered in iridescent
                  | scales. (AC +2) [potion of mutation]
  1396 | D:2      | Gained mutation: You are clumsy. (Dex -2) [potion of
                  | mutation]
  1396 | D:2      | Gained mutation: Your mind is acute. (Int +4, Str/Dex -1)
                  | [potion of mutation]
  1397 | D:2      | 1397 ||| DROPPING ring of protection from cold.
  1398 | D:2      | 1398 ||| READING 2 scrolls of identify.
  1398 | D:2      | 1398 ||| IDENTIFYING scroll labelled YZXUBOHOSK
  1399 | D:2      | 1399 ||| READING scroll of identify.
  1399 | D:2      | 1399 ||| IDENTIFYING scroll labelled YCERCH UCLINNUNG
  1400 | D:2      | 1400 ||| READING 2 scrolls labelled LORENO MEESEM.
  1401 | D:2      | 1401 ||| FLEEEEING.
  1405 | D:2      | 1405 ||| STAIRDANCE
  1507 | D:1      | 1507 ||| READING scroll labelled PACITI TIARAN.
  1507 | D:1      | Identified a scroll of acquirement
  1507 | D:1      | 1507 ||| ACQUIRING 577 gold pieces
  1507 | D:1      | Acquired 577 gold pieces
  1509 | D:1      | 1509 ||| DROPPING scroll of vulnerability.
  1510 | D:1      | 1510 ||| DROPPING scroll of revelation.
  1634 | D:3      | Identified the +3 ring mail of the Terrible God {Str+3}
  1833 | D:3      | Found a white marble altar of Elyvilon.
  1989 | D:3      | Found a stormy altar of Qazlal.
  2179 | D:3      | 2179 ||| UPGRADING to +3 ring mail of the Terrible God
                  | {Str+3}.
  2189 | D:3      | 2189 ||| DROPPING +0 leather armour.
  2190 | D:3      | 2190 ||| READING scroll of identify.
  2190 | D:3      | 2190 ||| IDENTIFYING purple potion
  2191 | D:3      | 2191 ||| DROPPING potion of brilliance.
  2316 | D:4      | Reached skill level 1 in Armour
  2342 | D:4      | Reached XP level 6. HP: 44/46 MP: 0/0
  2443 | D:4      | Reached skill level 5 in Ranged Weapons
  2516 | D:4      | Found a transporter.
  2519 | D:4      | Noticed qw's ghost (amateur GrHu)
  2684 | D:4      | Found a hazy altar of Hepliaklqana.
  2684 | D:4      | Found a burning altar of Makhleb.
  2862 | D:4      | Found a transporter.
  2960 | D:4      | Noticed Menkaure
  2961 | D:4      | 2961 ||| ZAPPING wand of mindburst (8) at -6,-5 (Menkaure;
                  | floor).
  2967 | D:4      | 2967 ||| ZAPPING wand of mindburst (7) at -3,-2 (Menkaure;
                  | floor).
  2968 | D:4      | 2968 ||| ZAPPING wand of mindburst (6) at -2,-1 (Menkaure;
                  | floor).
  2969 | D:4      | 2969 ||| ZAPPING wand of mindburst (5) at -1,-1 (Menkaure;
                  | floor).
  2969 | D:4      | Killed Menkaure
  2970 | D:4      | Reached XP level 7. HP: 53/53 MP: 0/0
  2970 | D:4      | Learned a level 2 spell: Mercury Vapours
  2994 | D:4      | 2994 ||| DRINKING 2 smoky green potions.
  3021 | D:5      | Entered Level 5 of the Dungeon
  3029 | D:5      | 3029 ||| STAIRDANCE
  3049 | D:5      | 3049 ||| STAIRDANCE
  3081 | D:5      | 3081 ||| STAIRDANCE
  3083 | D:4      | 3083 ||| FLEEEEING.
  3199 | D:5      | 3199 ||| FLEEEEING.
  3200 | D:5      | 3200 ||| FLEEEEING.
  3201 | D:5      | 3201 ||| FLEEEEING.
  3205 | D:5      | 3205 ||| FLEEEEING.
  3206 | D:5      | 3206 ||| FLEEEEING.
  3207 | D:5      | 3207 ||| FLEEEEING.
  3208 | D:5      | 3208 ||| FLEEEEING.
  3209 | D:5      | 3209 ||| FLEEEEING.
  3210 | D:5      | 3210 ||| FLEEEEING.
  3211 | D:5      | 3211 ||| FLEEEEING.
  3212 | D:5      | 3212 ||| FLEEEEING.
  3223 | D:5      | 3223 ||| FLEEEEING.
  3224 | D:5      | 3224 ||| FLEEEEING.
  3225 | D:5      | 3225 ||| FLEEEEING.
  3228 | D:5      | 3228 ||| STAIRDANCE
  3264 | D:5      | Reached skill level 6 in Ranged Weapons
  3279 | D:5      | 3279 ||| FLEEEEING.
  3281 | D:5      | 3281 ||| STAIRDANCE
  3487 | D:5      | Reached XP level 8. HP: 45/58 MP: 0/0
  3487 | D:5      | 3487 ||| FLEEEEING.
  3710 | D:5      | 3710 ||| FLEEEEING.
  3805 | D:5      | 3805 ||| FLEEEEING.
  3961 | D:5      | Reached skill level 7 in Ranged Weapons
  3961 | D:5      | 3961 ||| FLEEEEING.
  4225 | D:5      | Found a blossoming altar of Fedhas.
  4535 | D:5      | 4535 ||| RETREEEEATING.
  4538 | D:5      | 4538 ||| RETREEEEATING.
  4594 | D:5      | 4594 ||| FLEEEEING.
  4636 | D:5      | 4636 ||| UPGRADING to +0 pair of gloves.
  4641 | D:5      | 4641 ||| READING scroll of enchant armour.
  4641 | D:5      | 4641 ||| ENCHANTING +0 pair of gloves.
  4642 | D:5      | 4642 ||| READING 2 scrolls of identify.
  4642 | D:5      | 4642 ||| IDENTIFYING lumpy brown potion
  4643 | D:5      | 4643 ||| READING scroll of identify.
  4643 | D:5      | 4643 ||| IDENTIFYING bubbling clear potion
  4644 | D:5      | 4644 ||| READING scroll labelled ISMAPNIUFO.
  4645 | D:5      | 4645 ||| DROPPING potion of magic.
  4789 | D:6      | Reached XP level 9. HP: 60/65 MP: 0/0
  4789 | D:6      | Learned a level 4 spell: Dispel Undead
  4825 | D:6      | 4825 ||| RETREEEEATING.
  4827 | D:6      | 4827 ||| RETREEEEATING.
  4830 | D:6      | 4830 ||| RETREEEEATING.
  4831 | D:6      | 4831 ||| RETREEEEATING.
  4833 | D:6      | 4833 ||| RETREEEEATING.
  4837 | D:6      | Reached skill level 8 in Ranged Weapons
  4842 | D:6      | HP: 12/65 [scorpion (6)]
  4843 | D:6      | 4843 ||| READING 2 scrolls of teleportation.
  4843 | D:6      | HP: 2/65 [yak (10)]
  4849 | D:6      | 4849 ||| READING scroll of teleportation.
  4852 | D:6      | 4852 ||| FLEEEEING.
  4857 | D:6      | HP: 4/65 [steam dragon (3)]
  4862 | D:6      | HP: 1/65 [steam dragon/ball of steam (4)]
  4866 | D:6      | Slain by a steam dragon

Levels and vault maps discovered:
D:1:      sevenhm_arrival_forest_fort_small_4, layout_loops_cross, serial_shops,
          shop
D:2:      layout_rooms, serial_shops, shop, minivault_19
D:3:      layout_loops_ring, grunt_qazlal_clouds,
          mainiacjoe_overflow_six_doors_small
D:4:      layout_loops_corners, gammafunk_temple_overflow_wave,
          gammafunk_ghost_mausoleum, uniq_menkaure
D:5:      cheibrodos_thug_alley, layout_loops_ring, fedhas_altar_decomposition
D:6:      layout_loops_ring, mainiacjoe_overflow_brackets,
          minmay_temple_entry_glassed_door, nicolae_shop_gadgets, uniq_maggie

Skill      XL: |  1  2  3  4  5  6  7  8  9 |
---------------+----------------------------+-----
Ranged Weapons | 4 5 6 7 8 |  8.0
Fighting       | 3 4 5 |  5.6
Dodging        | 3 4 |  4.0
Armour         | 1 2 |  2.2
Stealth        | |  0.7

Action                     |  1- 3 |  4- 6 |  7- 9 || total
---------------------------+-------+-------+-------++-------
   Fire: Shortbow          |   101 |   204 |   325 ||   630
  Evoke: Wand              |       |     4 |       ||     4
    Use: Scroll            |     4 |     5 |     6 ||    15
         Potion            |     1 |     1 |     1 ||     3
 Armour: Leather armour    |    38 |    52 |       ||    90
         Ring mail         |       |     7 |   173 ||   180
  Dodge: Dodged            |    38 |    99 |   260 ||   397

Table legend:
 A = Non-vault XP
 B = Vault XP
 C = Vault XP percentage of total XP
 D = Non-vault monster count
 E = Vault monster count
 F = Vault count percentage of total count
                 A         B        C        D         E       F
            +---------+---------+-------+---------+---------+-------
      Total |    1469 |     806 |  35.4 |     112 |      17 |  13.2
            +---------+---------+-------+---------+---------+-------
        D:1 |      83 |       0 |   0.0 |      42 |       0 |   0.0
        D:2 |      59 |       0 |   0.0 |      18 |       0 |   0.0
        D:3 |      49 |       0 |   0.0 |      11 |       0 |   0.0
        D:4 |     360 |     172 |  32.3 |      18 |       1 |   5.3
        D:5 |     547 |     634 |  53.7 |      18 |      16 |  47.1
        D:6 |     371 |       0 |   0.0 |       5 |       0 |   0.0
            +---------+---------+-------+---------+---------+-------
